 Dungeon Crawl Stone Soup version 0.20.0 (webtiles) character file.

97574 SpeedrunTech the Executioner (level 15, -35/220 HPs)
             Began as a Minotaur Berserker on June 11, 2017.
             Was a High Priest of Trog.
             Killed from afar by a hellephant (76 damage)
             ... with a blast of flame
             ... on level 4 of the Abyss.
             The game lasted 00:14:40 (20495 turns).

SpeedrunTech the Executioner (Minotaur Berserker)  Turns: 20495, Time: 00:14:41

Health: -35/220    AC: 24    Str: 30    XL:     15   Next: 72%
Magic:  0/14       EV: 15    Int:  5    God:    Trog [*****.]
Gold:   1217       SH:  0    Dex: 12    Spells: 14/14 levels left

rFire    . . .     SeeInvis +   a - +4 battleaxe (venom)
rCold    . . .     Gourm    .   (shield currently unavailable)
rNeg     . . .     Faith    .   k - +3 plate armour
rPois    .         Spirit   +   (helmet restricted)
rElec    .         Reflect  .   J - +0 cloak
rCorr    .         Harm     .   (no gloves)
MR       +++..                  E - +0 pair of boots "Xiecw" {+Fly Regen+ SInv}
Stlth    ..........             e - amulet of guardian spirit (curse)
Regen    1.9/turn               K - +3 ring of protection
MPRegen  0.2/turn               f - +3 ring of evasion

@: berserking (expiring), flying, starving, regenerating, hasted, very quick
A: retaliatory headbutt, horns 2
a: Berserk, Trog's Hand, Brothers in Arms, Burn Spellbooks, Renounce Religion


You were on level 4 of the Abyss.
You worshipped Trog.
Trog was extremely pleased with you.
You were starving.

You visited 3 branches of the dungeon, and saw 23 of its levels.
You visited the Abyss 1 time.

You collected 1455 gold pieces.
You spent 238 gold pieces at shops.

Inventory:

Hand Weapons
 a - a +4 battleaxe of venom (weapon)
 b - a +3 antimagic battleaxe
 N - a +4 antimagic executioner's axe
Armour
 k - a +3 plate armour (worn)
 E - the +0 pair of boots "Xiecw" (worn) {+Fly Regen+ SInv}
   (You found it on level 3 of the Lair of Beasts)

   It lets you see invisible.
   It lets you fly.
   It increases your rate of regeneration.
 J - a +0 cloak (worn)
Jewellery
 e - a cursed amulet of guardian spirit (around neck)
 f - a +3 ring of evasion (right hand)
 K - a +3 ring of protection (left hand)
Wands
 d - a wand of iceblast (3/15)
 r - a wand of iceblast (6/15)
 t - a wand of acid (3/15)
 u - a wand of digging (24/24)
 v - a wand of digging (8/24)
Scrolls
 h - 8 scrolls of teleportation
 q - 4 scrolls of fog
 s - 6 scrolls of magic mapping
 A - 7 scrolls of identify
 B - 2 scrolls of recharging
 C - a scroll of summoning {unknown}
 F - 2 scrolls of blinking
 I - a scroll of fear
 M - 2 scrolls of remove curse
 P - a scroll of enchant armour
Potions
 g - a potion of ambrosia
 j - 4 potions of curing
 l - 2 potions of agility
 p - 2 potions of mutation {!q!q}
 w - 2 potions of heal wounds
 x - 6 potions of flight
 D - 2 potions of lignification {!q}
 G - 2 potions of brilliance
 H - 2 potions of cancellation
 L - a potion of resistance
Miscellaneous
 y - a phial of floods
Comestibles
 c - 2 royal jellies
 m - 7 meat rations
 n - 13 fruits
 o - 4 bread rations
 z - 4 chunks of flesh


   Skills:
 + Level 17.2 Fighting
 * Level 22.7 Axes
 + Level 12.3 Armour
 + Level 7.6 Dodging


You had 14 spell levels left.
You didn't know any spells.

Dungeon Overview and Level Annotations

Branches:
Dungeon (15/15)              Lair (6/6) D:11         Shoals (2/4) Lair:4
 Spider (0/4) Lair:2        Slime (0/5) Lair:5          Orc (0/2) D:10
 Vaults (0/5) D:14         Depths (0/5) D:15
 Temple: D:4-7

Altars:
Dithmenos
Fedhas
Kikubaaqudgha
Makhleb
Sif Muna
Trog
Uskayaw
Zin
Beogh
Jiyva

Shops:
D:9 ?   D:10 ?=!:=

Portals:
Trove: D:10 (give +4 ice dragon scales)

Annotations:
D:11 1 exclusion


Innate Abilities, Weirdness & Mutations

You reflexively headbutt those who attack you in melee.
You have a pair of horns on your head.


Message History

Your troll closely misses the yellow draconian shifter.
The dire elephant tramples you!
* * * LOW HITPOINT WARNING * * *
You hold your ground!
The dire elephant trunk-slaps you but does no damage.
Unknown command.
You slice the hellephant!!
The hellephant is almost dead.
You slash the dire elephant!
The dire elephant looks as sick as possible!
You barely miss the dire elephant.
You kill the dire elephant!
Trog accepts your kill.
Your iron troll bites the dire elephant but does no damage.
Your iron troll claws the dire elephant!!
The dire elephant dies!
Trog accepts your kill. The hellephant breathes flames at you.
The blast of flame hits you!
You die...

. # ..... ##..#.....
. .. ........#.. ..
. ... .# ..≈ . ..
.#. #≈..≈≈§§ #....
..†.≈..≈≈#########≈≈
#... ..
#...≈≈##≈§≈§§§≈≈≈§
## ......§#h
≈##§≈§q.v§§≈ §
#.....
##§§##§≈.T†.8... §
###
..##.§§§≈§@.######..
#..###§§v≈YY## . #.#
.§§§v.T.+ ###
##≈≈≈§.q## ..#
#§≈≈≈§.§# #
#≈≈≈§§§...
#..≈§≈≈§≈...
##..§≈§≈≈≈ §≈ .≈
.§§≈#####


You could see a hellephant, a dire elephant, 2 draconians, 3 spatial vortices, a
friendly iron troll (berserk) and a friendly troll (berserk).

Vanquished Creatures
  Rupert (Lair:6)
  Gastronok (D:8)
  A ghost moth (shapeshifter) (D:15)
  2 very ugly things (Abyss:3)
  Nessos (D:14)
  A dire elephant (Abyss:4)
  A fire dragon (Lair:6)
  A merfolk impaler (Shoals:1)
  8 vault guards (D:14)
  Josephine (D:14)
  A rakshasa (D:15)
  3 hydras
  5 two-headed ogres
  A catoblepas (Lair:4)
  5 centaur warriors
  A satyr (Shoals:2)
  7 death yaks
  A death knight (D:15)
  2 tengu warriors
  A shock serpent (shapeshifter) (D:15)
  Sonja (Lair:2)
  5 skeletal warriors (D:15)
  4 sea snakes
  An orc knight (D:14)
  A lindwurm (Lair:6)
  5 harpies (Shoals:2)
  A flayed ghost (D:15)
  A frost giant zombie (Abyss:3)
  4 ugly things
  9 fauns
  A wolf spider zombie (D:12)
  2 deep elf magi
  6 manticores
  An orb spider (Lair:2)
  2 oklob plants (D:11)
  5 cyclopes
  Maurice (D:12)
  A salamander (shapeshifter) (D:15)
  A black mamba (shapeshifter) (D:14)
  6 black mambas
  A merfolk siren (Shoals:2)
  5 elephants (Lair:6)
  9 spiny frogs
  2 molten gargoyles (Lair:6)
  3 gargoyles
  A yaktaur (D:15)
  2 freezing wraiths
  12 komodo dragons
  A redback zombie (D:15)
  2 rime drakes (Lair:5)
  2 tengu conjurers
  6 trolls
  6 merfolk
  2 polar bears (Lair:5)
  2 hornets (D:9)
  A harpy skeleton (D:15)
  4 slime creatures
  12 blink frogs
  3 raiju (Abyss:4)
  A dream sheep (shapeshifter) (D:15)
  A snapping turtle (Shoals:1)
  4 dream sheep (Lair:6)
  9 hippogriffs
  A water elemental (Shoals:2)
  7 wraiths
  26 yaks
  11 wyverns
  2 basilisks
  2 steam dragons (Lair:6)
  2 vampire mosquitoes (D:13)
  Edmund (D:4)
  A hungry ghost (D:11)
  A soldier ant (shapeshifter) (D:13)
  6 water moccasins
  2 acid dragons
  3 porcupines
  4 sky beasts
  8 orc warriors
  3 hell hounds (Lair:6)
  An ice beast (D:13)
  21 wolves
  5 boggarts (D:15)
  An eye of draining (D:12)
  A phantom (D:8)
  12 centaurs
  5 ogres
  8 crocodiles
  A big kobold (D:12)
  18 bullfrogs
  A gnoll sergeant (D:9)
  2 scorpions
  A wyvern skeleton (D:14)
  7 killer bees
  3 howler monkeys
  An electric eel (Lair:3)
  10 crimson imps
  5 lava snakes (Lair:6)
  A bullfrog zombie (D:8)
  2 quasits
  2 hounds
  7 jellies
  9 orc priests
  5 bullfrog skeletons
  7 orc wizards
  4 centaur skeletons
  2 iguanas
  8 worker ants
  A worker ant zombie (D:10)
  A howler monkey zombie (D:7)
  4 gnolls (D:9)
  4 adders
  5 oozes (D:8)
  An adder zombie (D:9)
  A leopard gecko (D:10)
  35 orcs
  A bat (D:1)
  A hobgoblin (D:3)
  6 kobolds
  5 quokkas
  A frilled lizard (D:1)
  A leopard gecko skeleton (D:4)
  A rat (D:3)
  5 fungi
  11 plants
508 creatures vanquished.

Vanquished Creatures (collateral kills)
  A dire elephant (Abyss:4)
  A hungry ghost (D:12)
  An ogre (D:12)
3 creatures vanquished.

Vanquished Creatures (others)
  A komodo dragon (Lair:6)
  A wraith (D:14)
  8 fungi
  10 plants
20 creatures vanquished.

Grand Total: 531 creatures vanquished

Notes
Turn   | Place    | Note
-------+----------+-------------------------------------------
     0 | D:1      | SpeedrunTech the Minotaur Berserker began the quest for the Orb.
     0 | D:1      | Reached XP level 1. HP: 19/19 MP: 0/0
    92 | D:2      | Reached skill level 4 in Axes
   140 | D:3      | Reached XP level 2. HP: 20/27 MP: 1/1
   228 | D:4      | Noticed Edmund
   228 | D:4      | Noticed a centaur
   557 | D:4      | Killed a centaur
   557 | D:4      | Reached skill level 5 in Axes
   557 | D:4      | Reached XP level 3. HP: 34/34 MP: 2/2
   557 | D:4      | Reached XP level 4. HP: 41/41 MP: 3/3
   561 | D:4      | Killed Edmund
   561 | D:4      | Reached skill level 5 in Fighting
   561 | D:4      | Reached skill level 6 in Axes
   561 | D:4      | Reached XP level 5. HP: 48/48 MP: 4/4
   661 | D:4      | Noticed a centaur
   664 | D:4      | Found a glowing silver altar of Zin.
   669 | D:4      | Killed a centaur
   669 | D:4      | Reached skill level 7 in Axes
   669 | D:4      | Reached XP level 6. HP: 56/56 MP: 5/5
   722 | D:5      | Entered Level 5 of the Dungeon
   733 | D:5      | Found a shadowy altar of Dithmenos.
   790 | D:5      | Noticed a sky beast
   859 | D:5      | Killed a sky beast
   926 | D:6      | Reached skill level 8 in Axes
   926 | D:6      | Reached XP level 7. HP: 63/63 MP: 6/6
  1050 | D:7      | Found a blossoming altar of Fedhas.
  1414 | D:8      | Reached skill level 9 in Axes
  1427 | D:8      | Reached ** piety under Trog
  1575 | D:8      | Noticed a two-headed ogre
  1580 | D:8      | HP: 9/96 [two-headed ogre/giant club (22)]
  1583 | D:8      | Killed a two-headed ogre
  1583 | D:8      | Reached skill level 11 in Axes
  1583 | D:8      | Reached XP level 8. HP: 10/74 MP: 7/7
  1789 | D:8      | HP: 7/74 [orc warrior/dire flail (18)]
  2270 | D:8      | Found a hide-covered altar of Uskayaw.
  2280 | D:8      | Noticed a dagger
  2281 | D:8      | Noticed a dagger
  2282 | D:8      | Noticed Gastronok
  2292 | D:8      | Reached XP level 9. HP: 73/82 MP: 8/8
  2294 | D:8      | Reached skill level 12 in Axes
  2297 | D:8      | Killed Gastronok
  2297 | D:8      | Reached skill level 10 in Fighting
  2297 | D:8      | Reached skill level 13 in Axes
  2653 | D:8      | Reached XP level 10. HP: 94/94 MP: 9/9
  2660 | D:8      | Reached skill level 14 in Axes
  2986 | D:8      | Found a bloodstained altar of Trog.
  3202 | D:9      | Found Vuxam's Magic Scroll Boutique.
  3210 | D:9      | Bought a scroll of identify for 26 gold pieces
  3210 | D:9      | Bought a scroll of identify for 26 gold pieces
  3210 | D:9      | Bought a scroll of teleportation for 39 gold pieces
  3210 | D:9      | Bought a scroll of magic mapping for 45 gold pieces
  3544 | D:9      | Reached skill level 15 in Axes
  3621 | D:9      | Found a deep blue altar of Sif Muna.
  3731 | D:9      | Paralysed by a hornet for 2 turns
  4063 | D:10     | Entered Level 10 of the Dungeon
  4283 | D:10     | Found a staircase to the Orcish Mines.
  4307 | D:10     | Found a roughly hewn altar of Beogh.
  4595 | D:10     | Found Wetzipla's Distillery.
  4599 | D:10     | Found Mone's Jewellery Boutique.
  4601 | D:10     | Found Tosuzuaci's Book Shoppe.
  4778 | D:10     | Found a portal to a secret trove of treasure.
  4807 | D:10     | Noticed a gargoyle
  4817 | D:10     | Killed a gargoyle
  4817 | D:10     | Reached *** piety under Trog
  4823 | D:10     | HP: 8/97 [orc warrior/trident (12)]
  4824 | D:10     | Reached XP level 11. HP: 8/104 MP: 10/10
  5167 | D:10     | Found Syoxyczu's Jewellery Shoppe.
  5252 | D:10     | Reached skill level 16 in Axes
  5463 | D:10     | Found Voshak's Magic Scroll Shoppe.
  5466 | D:10     | Bought a scroll of teleportation for 51 gold pieces
  5466 | D:10     | Bought a scroll of teleportation for 51 gold pieces
  5538 | D:11     | Found a staircase to the Lair.
  5540 | D:11     | Noticed an oklob plant
  5540 | D:11     | Noticed an oklob plant
  5553 | D:11     | Killed an oklob plant
  5559 | D:11     | Killed an oklob plant
  6112 | Lair:1   | Entered Level 1 of the Lair of Beasts
  6500 | Lair:1   | Noticed an eight-headed hydra
  6506 | Lair:1   | Killed a nine-headed hydra
  6733 | Lair:1   | Reached skill level 17 in Axes
  6812 | Lair:1   | Found a deep blue altar of Sif Muna.
  7085 | Lair:2   | Noticed an orb spider
  7085 | Lair:2   | Found a hole to the Spider Nest.
  7098 | Lair:2   | Killed an orb spider
  7168 | Lair:2   | Noticed Sonja
  7174 | Lair:2   | Killed Sonja
  7986 | Lair:2   | You fall through a shaft!
  9273 | Lair:3   | Reached XP level 12. HP: 49/115 MP: 11/11
  9517 | Lair:3   | Reached skill level 18 in Axes
  9679 | Lair:3   | Got a pair of distressingly furry boots
  9685 | Lair:3   | Identified the +0 pair of boots "Xiecw" {+Fly Regen+ SInv} (You found it on level 3 of the Lair of Beasts)
 10389 | Lair:4   | Found a staircase to the Shoals.
 10409 | Lair:4   | Noticed a death yak
 10411 | Lair:4   | Noticed a catoblepas
 10437 | Lair:4   | Killed a death yak
 10437 | Lair:4   | Reached **** piety under Trog
 10848 | Lair:4   | Killed a catoblepas
 10848 | Lair:4   | Reached skill level 5 in Armour
 12009 | Lair:5   | Reached skill level 19 in Axes
 12187 | Lair:5   | Found a viscous altar of Jiyva.
 12187 | Lair:5   | Found a staircase to the Slime Pits.
 12532 | Lair:5   | Reached ***** piety under Trog
 12775 | Lair:5   | Noticed a death yak
 12777 | Lair:5   | Noticed a death yak
 12777 | Lair:5   | Noticed a death yak
 12778 | Lair:5   | Noticed a death yak
 12778 | Lair:5   | Noticed a death yak
 12781 | Lair:5   | Noticed a death yak
 12785 | Lair:5   | Killed a death yak
 12787 | Lair:5   | Killed a death yak
 12789 | Lair:5   | Killed a death yak
 12789 | Lair:5   | Killed a death yak
 12789 | Lair:5   | Reached XP level 13. HP: 106/125 MP: 12/12
 13254 | Lair:6   | Entered Level 6 of the Lair of Beasts
 13689 | Lair:6   | Noticed a fire dragon
 13701 | Lair:6   | Found a large runed door.
 13701 | Lair:6   | Found a large runed door.
 13716 | Lair:6   | Killed a fire dragon
 13716 | Lair:6   | Reached skill level 15 in Fighting
 13917 | Lair:6   | Reached skill level 20 in Axes
 13962 | Lair:6   | Noticed Rupert
 13975 | Lair:6   | Killed Rupert
 15333 | D:12     | Noticed Maurice
 15342 | D:12     | Killed Maurice
 15632 | D:12     | Reached XP level 14. HP: 136/136 MP: 13/13
 15679 | D:13     | Found an ancient bone altar of Kikubaaqudgha.
 15932 | D:13     | Reached skill level 10 in Armour
 16268 | D:14     | Noticed Nessos
 16270 | D:14     | Reached skill level 21 in Axes
 16294 | D:14     | Killed Nessos
 16294 | D:14     | Received a gift from Trog
 16575 | D:14     | Noticed Josephine
 16581 | D:14     | Killed Josephine
 16787 | D:14     | Found a gate to the Vaults.
 16819 | D:14     | Received a gift from Trog
 17579 | D:15     | Entered Level 15 of the Dungeon
 17599 | D:15     | Reached skill level 5 in Dodging
 18174 | D:15     | Found a burning altar of Makhleb.
 18221 | D:15     | Reached XP level 15. HP: 136/145 MP: 12/14
 18322 | D:15     | Reached ****** piety under Trog
 18410 | D:15     | Reached skill level 22 in Axes
 18422 | D:15     | Noticed a ghost moth
 18430 | D:15     | Killed a ghost moth
 18432 | D:15     | Found a staircase to the Depths.
 18436 | D:15     | Received a gift from Trog
 18871 | D:11     | You fall through a shaft!
 19063 | Shoals:1 | Entered Level 1 of the Shoals
 20354 | Shoals:2 | Cast into level 3 of the Abyss (faun)
 20355 | Abyss:3  | Found a corrupted altar of Lugonu.
 20446 | Abyss:4  | Found a corrupted altar of Lugonu.
 20446 | Abyss:4  | Noticed a tentacled monstrosity
 20481 | Abyss:4  | Noticed a hellephant
 20495 | Abyss:4  | Killed from afar by a hellephant

Skill      XL: |  1  2  3  4  5  6  7  8  9 10 11 12 13 14 15 |
---------------+----------------------------------------------+-----
Axes           | 4 5 6 7 8 11 13 15 17 19 20 21 22 | 22.7
Fighting       | 4 5 6 8 10 11 13 14 15 16 17 | 17.2
Armour         | 3 7 9 11 12 | 12.3
Dodging        | 5 7 |  7.6

Action                   |  1- 3 |  4- 6 |  7- 9 | 10-12 | 13-15 || total
-------------------------+-------+-------+-------+-------+-------++-------
Melee: Hand axe          |    18 |    31 |     7 |   307 |       ||   363
       Headbutt          |     3 |     8 |    22 |   146 |   188 ||   367
       War axe           |       |       |    93 |    79 |       ||   172
       Battleaxe         |       |       |       |   155 |   806 ||   961
Invok: Berserk           |     1 |     3 |     5 |    18 |    20 ||    47
       Trog's Hand       |       |       |     2 |     4 |    11 ||    17
       Burn Spellbooks   |       |       |       |     1 |     1 ||     2
       Brothers in Arms  |       |       |       |       |     4 ||     4
Evoke: Wand              |       |       |       |       |     1 ||     1
       Phial of floods   |       |       |       |       |     1 ||     1
  Use: Scroll            |       |       |     5 |    11 |    15 ||    31
       Potion            |       |       |     1 |     1 |     2 ||     4
 Stab: Petrified         |       |       |       |     3 |       ||     3
       Distracted        |       |       |       |       |     2 ||     2
  Eat: Chunk             |       |     2 |     2 |    36 |    41 ||    81
       Bread ration      |       |       |     1 |       |       ||     1
       Royal jelly       |       |       |     3 |     7 |     4 ||    14
Armor: Animal skin       |     4 |     2 |     1 |       |       ||     7
       Chain mail        |       |       |    33 |   103 |       ||   136
       Plate armour      |       |       |       |   163 |   539 ||   702
Dodge: Dodged            |    19 |    25 |    49 |   205 |   392 ||   690
